 Dungeon Crawl Stone Soup version 0.31-a0-240-gb923e448b6 (webtiles) character file.

Game seed: 15319599375874332624

27 qw the Shooter (level 2, 0/24 HPs)
             Began as a Minotaur Hexslinger on July 12, 2023.
             Succumbed to an adder's poison
             ... on level 2 of the Dungeon.
             The game lasted 00:00:20 (630 turns).

qw the Shooter (Minotaur Hexslinger)                 Turns: 630, Time: 00:00:21

Health: 0/24       AC:  3    Str: 18    XL:     2   Next: 93%
Magic:  2/2        EV: 12    Int: 10    God:
Gold:   62         SH:  0    Dex: 12    Spells: 2/3 levels left

rFire   . . .        Y - +2 sling
rCold   . . .        (no shield)
rNeg    . . .        d - +0 leather armour
rPois   .            (helmet restricted)
rElec   .            (no cloak)
rCorr   .            (no gloves)
SInv    .            (no boots)
Will    .....        (no amulet)
Stlth   +            j - +6 ring of strength
HPRegen 0.24/turn    (no ring)
MPRegen 0.08/turn

%: no passive effects
@: lethally poisoned (0 -> -9), about to teleport
A: horns 2, retaliatory headbutt
a: no special abilities


You were on level 2 of the Dungeon.
You visited 1 branch of the dungeon, and saw 2 of its levels.

You collected 62 gold pieces.


Innate Abilities, Weirdness & Mutations

You have a pair of horns on your head.
You reflexively headbutt those who attack you in melee.


   Skills:
 - Level 2.0 Fighting
 + Level 3.5 Ranged Weapons
 - Level 2.1 Dodging
 - Level 1.0 Spellcasting
 - Level 2.0 Hexes


You had 2 spell levels left.
You knew the following spells:

 Your Spells              Type           Power      Damage    Failure   Level
a - Slow                  Hex            16%        N/A       19%         1

Your spell library contained the following spells:

 Spells                   Type           Power      Damage    Failure   Level
 Inner Flame              Hex/Fire       2%         N/A       63%         3
 Portal Projectile        Hex/Tloc       4%         N/A       63%         3
 Cause Fear               Hex            2%         N/A       87%         4

Inventory:

Hand Weapons
 Y - a +2 sling (weapon)
Armour
 d - a +0 leather armour (worn)
Jewellery
 j - a +6 ring of strength (left hand)
Scrolls
 a - a scroll of amnesia {unknown}
Potions
 k - a potion of invisibility {unknown}

Dungeon Overview and Level Annotations

Branches:
Dungeon (2/15)

Altars:


Message History

You shoot a sling bullet. The sling bullet misses the adder.
The adder closely misses you.
You shoot a sling bullet.
The sling bullet barely misses the adder.
The adder closely misses you.
You shoot a sling bullet.
The sling bullet barely misses the adder.
The adder closely misses you. x2
You shoot a sling bullet. The sling bullet misses the adder.
The adder bites you.
You are poisoned.
The adder poisons you!
You shoot a sling bullet. The sling bullet misses the adder.
You feel sick. The adder bites you.
You are more poisoned.
The adder poisons you! The adder closely misses you.
You shoot a sling bullet. The sling bullet hits the adder.
The adder is lightly wounded.
You feel very sick. The adder bites you.
You are lethally poisoned!
The adder poisons you! The adder barely misses you.
You shoot a sling bullet. The sling bullet hits the adder.
The adder is severely wounded.
You feel very sick. The adder closely misses you.
You shoot a sling bullet.
The sling bullet closely misses the adder.
You feel very sick. The adder bites you.
You are more poisoned.
The adder poisons you! The adder bites you but does no damage.
629 ||| READING scroll of teleportation.
As you read the scroll of teleportation, it crumbles to dust.
You feel strangely unstable.
You feel very sick. The adder closely misses you.
You shoot a sling bullet.
The sling bullet barely misses the adder.
You die...

#. ....## .
.....[#~ ##.
...%...~ ##.~~
......# ~~
.P~~.###....###.~
..~~~~#......#~~~
..~~~~.S......~~
~~~ #@.....# ~~
~~.###....###.~
~~~~#......#~~~
~~~~........~~~
~~~~#......#~~P
.~~.###....## ~.
#~~) #......# ###
#......# #
###..###


You could see an adder.

Vanquished Creatures
  A dart slug (D:1)
  A bat (D:2)
  2 endoplasms (D:1)
  A goblin (D:1)
  3 hobgoblins (D:1)
  3 jackals (D:1)
  2 quokkas
  4 ball pythons (D:1)
  2 frilled lizards (D:1)
  A kobold (D:1)
  3 rats (D:1)
23 creatures vanquished.

Notes
Turn   | Place    | Note
-------+----------+-------------------------------------------
     0 | D:1      | qw the Minotaur Hexslinger began the quest for the Orb.
     0 | D:1      | Reached XP level 1. HP: 16/16 MP: 1/1
     0 | D:1      | 0 ||| qw: Version: 0.3-a-52-g30416fa
     0 | D:1      | 0 ||| qw: Game counter: 6163
     0 | D:1      | 0 ||| qw: Melee chars always use a shield: true
     0 | D:1      | 0 ||| qw: God list: Okawaru
     0 | D:1      | 0 ||| qw: Allow faded altars: false
     0 | D:1      | 0 ||| qw: Do Orc after clearing Dungeon:15 true
     0 | D:1      | 0 ||| qw: Do second Lair branch before Depths: true
     0 | D:1      | 0 ||| qw: Lair rune preference: random
     0 | D:1      | 0 ||| qw: Goals: Normal
     0 | D:1      | 0 ||| PLANNING D:1-11
    89 | D:1      | 89 ||| Stepping ~*~*~tactically~*~*~ (outnumbered).
   102 | D:1      | Reached skill level 3 in Ranged Weapons
   102 | D:1      | Reached XP level 2. HP: 21/23 MP: 2/2
   559 | D:1      | 559 ||| UPGRADING to +0 leather armour.
   569 | D:1      | 569 ||| DROPPING +0 robe.
   570 | D:1      | 570 ||| DROPPING ring of magical power.
   571 | D:1      | 571 ||| UPGRADING to +6 ring of strength.
   572 | D:1      | 572 ||| READING scroll labelled USUCUV HYELAX.
   573 | D:1      | 573 ||| READING 2 scrolls labelled FISOCZ DIOFUYS.
   577 | D:1      | 577 ||| READING scroll labelled YBICAF FOMUI.
   578 | D:1      | 578 ||| READING scroll labelled QEIXOWK TITHRYA.
   579 | D:1      | 579 ||| READING scroll labelled LEORGH YMOHUXT.
   580 | D:1      | 580 ||| READING scroll labelled OTZOUT KOUK.
   581 | D:1      | 581 ||| DROPPING scroll of poison.
   628 | D:2      | HP: 6/24 [adder (1)]
   629 | D:2      | 629 ||| READING scroll of teleportation.
   630 | D:2      | Succumbed to an adder's poison

Levels and vault maps discovered:
D:1:      heliophobic_arrival_glass_houses, layout_basic
D:2:      wad_lake_hut, layout_rooms, minmay_tetromino_o2,
          uniq_crazy_yiuf_cottage

Skill      XL: |  1  2 |
---------------+-------+-----
Ranged Weapons | 3 |  3.5
Fighting       | 2 |  2.0
Dodging        | |  2.1
Spellcasting   | |  1.0
Hexes          | |  2.0

Action                     || total
---------------------------++-------
   Fire: Sling             ||    76
    Use: Scroll            ||     7
 Armour: Robe              ||     4
         Leather armour    ||     1
  Dodge: Dodged            ||    21

Table legend:
 A = Non-vault XP
 B = Vault XP
 C = Vault XP percentage of total XP
 D = Non-vault monster count
 E = Vault monster count
 F = Vault count percentage of total count
                 A         B        C        D         E       F
            +---------+---------+-------+---------+---------+-------
      Total |      39 |       0 |   0.0 |      23 |       0 |   0.0
            +---------+---------+-------+---------+---------+-------
        D:1 |      35 |       0 |   0.0 |      21 |       0 |   0.0
        D:2 |       4 |       0 |   0.0 |       2 |       0 |   0.0
            +---------+---------+-------+---------+---------+-------
